 Dungeon Crawl Stone Soup version 0.27-a0-1456-gf5a116941d (webtiles) character file.

Game seed: 17730769692776914706

1395 dickylongcocking the Covered (level 9, -4/65 HPs)
             Began as a Djinni Wanderer on July 6, 2021.
             Was a Follower of Makhleb.
             Killed by divine providence
             ... invoked by an orc priest
              (14 damage)
             ... on level 7 of the Dungeon.
             The game lasted 00:08:46 (8484 turns).

dickylongcocking the Covered (Djinni Wanderer)      Turns: 8484, Time: 00:08:47

Health: -4/65      AC: 14    Str: 14    XL:     9   Next: 0%
Gold:   247        EV: 10    Int: 14    God:    Makhleb [*.....] SH:  4 Dex: 13

rFire    + + .     SeeInvis .   t - +0 dagger (elec)
rCold    x . .     Faith    .   j - +0 buckler
rNeg     . . .     Spirit   .   b - +2 scale mail
rPois    ∞         Reflect  .   (no helmet)
rElec    .         Harm     .   g - +0 cloak
rCorr    .         Rampage  .   f - +2 pair of gloves
Will     .....                  (boots unavailable)
Stlth    ..........             (no amulet)
HPRegen  0.20/turn              (no ring)
MPRegen  0.00/turn              (no ring)

@: flying
A: sickness immunity, fire resistance 2, cold vulnerability 1, float, innate
caster, hp casting, extra vitality 1
a: Renounce Religion


You were on level 7 of the Dungeon.
You worshipped Makhleb.
Makhleb was aware of your devotion.
You visited 2 branches of the dungeon, and saw 8 of its levels.

You collected 247 gold pieces.

Inventory:

Hand Weapons
 a - a +0 dagger
 c - a +2 dagger of venom
 d - a +4 quarterstaff of chaos
 e - a +1 dagger of venom
 l - a +0 scimitar
 s - a +2 vampiric long sword
 t - a +0 dagger of electrocution (weapon)
Armour
 b - a +2 scale mail (worn)
 f - a +2 pair of gloves (worn)
 g - a +0 cloak (worn)
 j - a +0 buckler (worn)
 k - a +0 kite shield
Jewellery
 i - a +4 ring of slaying
Scrolls
 h - 3 scrolls of magic mapping
 m - a scroll of identify
 n - a scroll of teleportation
 q - a scroll of fog {unknown}
 r - a scroll of holy word
Potions
 o - a potion of degeneration {unknown}
 p - a potion of ambrosia {unknown}


   Skills:
 * Level 5.4 Fighting
 * Level 3.1(3.2) Short Blades
 - Level 1.1(2.3) Long Blades
 - Level 0.5 Staves
 * Level 5.8 Armour
 * Level 4.9 Dodging
 - Level 2.1 Shields
 - Level 4.3 Spellcasting
 - Level 1.0 Evocations


You had 3 spell levels left.
You knew the following spells:

 Your Spells              Type           Power      Damage    Failure   Level
a - Beastly Appendage     Tmut           30%        N/A       16%         1
b - Ignite Poison         Fire/Tmut/Pois 15%        N/A       41%         3
c - Corona                Hex            16%        N/A       16%         1
d - Wereblood             Tmut           15%        N/A       22%         2
e - Blink                 Tloc           N/A        N/A       22%         2
f - Leda's Liquefaction   Hex/Erth       7%         N/A       83%         4

Your spell library contained the following spells:

 Spells                   Type           Power      Damage    Failure   Level


Dungeon Overview and Level Annotations

Branches:
Dungeon (7/15)             Temple (1/1) D:4

Altars:
Ashenzari
Cheibriados
Dithmenos
Elyvilon
Fedhas
Gozag
Hepliaklqana
Kikubaaqudgha
Makhleb
Nemelex Xobeh
Okawaru
Qazlal
Ru
Sif Muna
Trog
Uskayaw
Vehumet
Wu Jian
Xom
Yredelemnul
Zin
The Shining One

Annotations:
D:5 2 transporters


Innate Abilities, Weirdness & Mutations

You are immune to sickness and miasma.
You are immune to poison.
Your flesh is very heat resistant. (rF++)
You are vulnerable to cold. (rC-)
You float through the air rather than walking.
You learn spells naturally, not from books.
Your magical power is your life essence.
You have superior vitality. (+4 HP)


Message History

The orc priest is lightly wounded.
The orc priest hits you with a +0 hand axe of freezing.
The orc priest freezes you.
You hit the orc priest.
The orc priest is moderately wounded.
The orc priest mumbles some strange prayers to Beogh against you.
Beogh smites you!
You are too injured to fight recklessly!
You closely miss the orc priest.
The orc priest is moderately wounded.
The orc priest mumbles some strange prayers to Beogh against you.
Beogh smites you!
You are too injured to fight recklessly!
You hit the orc priest.
The orc priest is heavily wounded.
The orc priest barely misses you.
You are too injured to fight recklessly!
An orc priest is nearby!
An orc priest is nearby!
You are too injured to fight recklessly!
An orc priest is nearby!
You are too injured to fight recklessly!
You hit the orc priest.
The orc priest is severely wounded.
You closely miss the orc priest.
The orc priest is severely wounded.
The orc priest hits you but does no damage.
You closely miss the orc priest.
The orc priest is severely wounded.
The orc priest hits you but does no damage.
You hit the orc priest but do no damage.
The orc priest is severely wounded.
The orc priest calls down the wrath of Beogh upon you.
Beogh smites you!
* * * LOW HITPOINT WARNING * * *
You hit the orc priest but do no damage.
The orc priest is severely wounded.
The orc priest calls down the wrath of Beogh upon you.
Beogh smites you!
You die...

## ## .. .. . #. ##
#.#.#.. #.#.#.###
....... ###+#)#.##
#....o@..# #........#
.# #........# ..#
#........# ..#
#........# #.#
#........######.#
#........+....#.#
#........####'#.####.#
#....................#


You could see an orc priest.

Vanquished Creatures
  Menkaure (D:4)
  An orc warrior (D:5)
  A necrophage (D:7)
  2 ogres (D:6)
  Blork the orc (D:4)
  2 scorpions
  A water moccasin skeleton (D:4)
  2 howler monkeys
  A bullfrog zombie (D:7)
  5 orc priests
  A gnoll shaman (D:6)
  Crazy Yiuf (D:3)
  A centaur skeleton (D:6)
  2 hounds
  A bullfrog skeleton (D:3)
  2 orc wizards
  An iguana (D:6)
  2 hound skeletons
  3 gnolls (D:6)
  6 adders
  3 worms
  A dart slug (D:4)
  19 orcs
  6 ball pythons
  5 endoplasms
  2 giant cockroaches (D:1)
  9 goblins
  A hobgoblin (D:2)
  3 jackals
  2 bats
  4 frilled lizards (D:1)
  10 kobolds
  A rat (D:3)
103 creatures vanquished.

Vanquished Creatures (others)
  An orc wizard (D:5)
  A fungus (D:3)
  6 plants (D:1)
8 creatures vanquished.

Grand Total: 111 creatures vanquished

Notes
Turn   | Place    | Note
-------+----------+-------------------------------------------
     0 | D:1      | dickylongcocking the Djinni Wanderer began the quest for
                  | the Orb.
     0 | D:1      | Reached XP level 1. HP: 17/17 MP: 0/0
    62 | D:1      | Reached XP level 2. HP: 10/22 MP: 0/0
   696 | D:1      | Found a faded altar of an unknown god.
   726 | D:1      | Reached XP level 3. HP: 26/27 MP: 0/0
   726 | D:1      | Learned a level 1 spell: Corona
  1636 | D:2      | Reached XP level 4. HP: 26/33 MP: 0/0
  3073 | D:3      | Paralysed by a kobold for 2 turns
  3078 | D:3      | Paralysed by a kobold for 4 turns
  3121 | D:3      | Found a shimmering altar of Xom.
  3158 | D:3      | Reached XP level 5. HP: 33/39 MP: 0/0
  3158 | D:3      | Learned a level 2 spell: Wereblood
  4339 | D:3      | Found a runed translucent door.
  4340 | D:3      | Noticed Crazy Yiuf
  4375 | D:3      | Killed Crazy Yiuf
  4567 | D:4      | Reached skill level 1 in Dodging
  4571 | D:4      | Noticed Blork the orc
  4599 | D:4      | Reached XP level 6. HP: 10/46 MP: 0/0
  5191 | D:4      | Killed Blork the orc
  5192 | D:4      | Reached XP level 7. HP: 28/51 MP: 0/0
  5192 | D:4      | Learned a level 2 spell: Blink
  5204 | D:4      | Found an opulent altar of Gozag.
  5222 | D:4      | Found a staircase to the Ecumenical Temple.
  5245 | Temple   | Entered the Ecumenical Temple
  5432 | Temple   | Became a worshipper of Makhleb the Destroyer
  5565 | D:4      | Noticed Menkaure
  5593 | D:5      | Entered Level 5 of the Dungeon
  5597 | D:5      | HP: 2/51 [howler monkey (2)]
  5936 | D:5      | Reached skill level 1 in Short Blades
  5961 | D:4      | Killed Menkaure
  6352 | D:5      | Reached XP level 8. HP: 16/58 MP: 0/0
  7044 | D:5      | Found a basalt altar of Yredelemnul.
  7045 | D:5      | Noticed a wraith
  7056 | D:5      | Noticed a vampire
  7059 | D:5      | Found a transporter.
  7134 | D:5      | Found a hazy altar of Hepliaklqana.
  7137 | D:5      | Found an iron altar of Okawaru.
  7138 | D:5      | Found a glowing silver altar of Zin.
  7138 | D:5      | Found a sparkling altar of Nemelex Xobeh.
  7138 | D:5      | Found a sacrificial altar of Ru.
  7141 | D:5      | Found a glowing golden altar of the Shining One.
  7145 | D:5      | Found a broken altar of Ashenzari.
  7198 | D:5      | Found a transporter.
  7343 | D:6      | Reached skill level 5 in Armour
  7487 | D:6      | HP: 2/58 [orc warrior (12)]
  7506 | D:5      | Reached skill level 5 in Fighting
  7990 | D:6      | Reached * piety under Makhleb
  8225 | D:7      | Reached skill level 1 in Long Blades
  8476 | D:7      | Reached XP level 9. HP: 51/65 MP: 0/0
  8476 | D:7      | Learned a level 4 spell: Leda's Liquefaction
  8484 | D:7      | Killed from afar by an orc priest

Illustrated notes

Levels and vault maps discovered:
D:1:      amcnicky_arrival_choice, layout_rooms,
          shapermc_ecumenical_altar_mp_urbaneastern
D:2:      layout_basic, serial_forest, infiniplex_forest_lined_4_way,
          infiniplex_forest_clump_curved, infiniplex_forest_straight_2,
          infiniplex_forest_corner_1, infiniplex_forest_lined_1,
          infiniplex_forest_end_1, kennysheep_nub
D:3:      layout_rooms, grunt_temple_overflow_open, uniq_crazy_yiuf_cottage
D:4:      layout_rooms, grunt_gozag_statues, minmay_temple_entry_sparse_star,
          st_stairs_1, uniq_blork_the_orc, uniq_menkaure
D:5:      layout_rooms, gammafunk_temple_of_torment, minitemple
D:6:      layout_rooms
D:7:      layout_basic
Temple:   zaba_magenta_temple

Skill      XL: |  1  2  3  4  5  6  7  8 |
---------------+-------------------------+-----
Fighting       | 2 3 4 5 |  5.4
Armour         | 3 4 5 |  5.8
Shields        | 2 |  2.1
Dodging        | 1 2 3 4 |  4.9
Short Blades   | 2 3 |  3.1
Long Blades    | 1 |  1.1
Staves         | |  0.5
Spellcasting   | |  4.3
Evocations     | |  1.0

Action                   |  1- 3 |  4- 6 |  7- 9 || total
-------------------------+-------+-------+-------++-------
Melee: Dagger            |   186 |   332 |   199 ||   717
       Headbutt          |     3 |     2 |       ||     5
       Unarmed           |       |     8 |       ||     8
       Quarterstaff      |       |     9 |     3 ||    12
       Scimitar          |       |       |    22 ||    22
       Long sword        |       |       |    20 ||    20
 Cast: Beastly Appendage |     1 |     1 |     1 ||     3
       Wereblood         |       |     1 |     1 ||     2
Evoke: Wand              |       |     6 |       ||     6
  Use: Scroll            |       |     7 |       ||     7
       Potion            |       |     3 |     4 ||     7
 Stab: Paralysed         |       |    11 |       ||    11
Armor: Scale mail        |   106 |   161 |   123 ||   390
       Skin              |       |    13 |       ||    13
Dodge: Dodged            |    87 |   141 |   104 ||   332
Block: Buckler           |    13 |    64 |    48 ||   125
       Rpst.: Scimitar   |       |       |     3 ||     3

Table legend: (Time is in decaauts)
 A = Elapsed time spent in this place.
 B = Non-inter-level travel time spent in this place.
 C = Inter-level travel time spent in this place.
 D = Time resting spent in this place.
 E = Time spent auto-exploring this place.
 F = Levels seen in this place.
 G = Mean time per level.
                   A        B        C        D        E       F      G
               +--------+--------+--------+--------+--------+-----+--------+
         Total |   8507 |   8218 |    289 |   2634 |   4037 |   8 | 1063.4 |
       Dungeon |   8306 |   8029 |    277 |   2634 |   3862 |   7 | 1186.6 |
        Temple |    200 |    188 |     12 |      0 |    175 |   1 |  200.0 |
               +--------+--------+--------+--------+--------+-----+--------+

Top non-repeatable levels by time:
     D:3: 2651 daAuts
     D:2: 1873 daAuts
     D:5: 1077 daAuts
     D:4: 1010 daAuts
     D:1: 763 daAuts
     D:6: 647 daAuts
     D:7: 282 daAuts
  Temple: 200 daAuts
